 Dungeon Crawl Stone Soup version 0.28-a0-1624-g820543e53a (webtiles) character file.

Game seed: 17651650476879236529

147 issech the Cudgeller (level 5, -4/47 HPs)
             Began as a Troll Monk on Jan 24, 2022.
             Was a Believer of Hepliaklqana.
             Slain by an orc priest (6 damage)
             ... on level 4 of the Dungeon.
             The game lasted 00:07:00 (2046 turns).

issech the Cudgeller (Troll Monk)                   Turns: 2046, Time: 00:07:00

Health: -4/47      AC:  4    Str: 19    XL:     5   Next: 7%
Magic:  13/13      EV: 10    Int:  6    God:    Hepliaklqana [**....]
Gold:   91         SH:  0    Dex: 14    Spells: 4/4 levels left

rFire   . . .      SeeInvis .   a - +0 mace
rCold   . . .      Faith    .   (no shield)
rNeg    . . .      Spirit   .   b - +0 robe
rPois   .          Reflect  .   (helmet restricted)
rElec   .          Harm     .   (no cloak)
rCorr   +          Rampage  .   (gloves unavailable)
Will    .....                   (boots unavailable)
Stlth   ++........              (no amulet)
HPRegen 0.95/turn               d - ring of magical power
MPRegen 0.13/turn               o - ring of resist corrosion

@: no status effects
A: reduced essence, large, unfitting armour, claws 3, regeneration 1, shaggy fur
1, tough skin 1
a: Renounce Religion, Recall Ancestor, Ancestor Identity


You were on level 4 of the Dungeon.
You worshipped Hepliaklqana.
Hepliaklqana was pleased with you.
You visited 1 branch of the dungeon, and saw 4 of its levels.

You collected 91 gold pieces.

Inventory:

Hand Weapons
 a - a +0 mace (weapon)
 m - a +0 spear
 s - a +0 hunting sling
Missiles
 i - 37 arrows
 k - 4 large rocks (quivered)
 l - 130 stones
 q - 15 sling bullets
 u - 8 poisoned darts
Armour
 b - a +0 robe (worn)
Magical Staves
 v - a staff of air
Jewellery
 d - a ring of magical power (left claw)
 o - a ring of resist corrosion (right claw)
Scrolls
 c - a scroll of brand weapon {unknown}
 e - 2 scrolls of identify {unknown}
 f - 2 scrolls of magic mapping {unknown}
 g - a scroll of enchant weapon {unknown}
 h - 3 scrolls of fear {unknown}
 j - a scroll of teleportation {unknown}
 t - a scroll of amnesia {unknown}
 y - a scroll of vulnerability {unknown}
Potions
 n - a potion of cancellation {unknown}
 p - a potion of brilliance {unknown}
 r - a potion of attraction {unknown}
 w - a potion of degeneration {unknown}
 x - a potion of haste {unknown}


   Skills:
 + Level 3.0 Fighting
 + Level 3.9 Maces & Flails
 + Level 3.2 Dodging
 + Level 1.3 Stealth


You had 4 spell levels left.
You didn't know any spells.
Your spell library contained the following spells:

 Spells                   Type           Power      Damage    Failure   Level
 Beastly Appendage        Tmut           0%         N/A       45%         1
 Wereblood                Tmut           0%         N/A       58%         2
 Spider Form              Tmut/Pois      0%         N/A       83%         3
 Petrify                  Tmut/Erth      0%         N/A       99%         4
 Metabolic Englaciation   Hex/Ice        0%         N/A       100%        5
 Statue Form              Tmut/Erth      0%         N/A       100%        6


Dungeon Overview and Level Annotations

Branches:
Dungeon (4/15)
 Temple: D:4-7

Altars:
Ashenzari
Fedhas
Hepliaklqana
Makhleb
Qazlal
Yredelemnul

Annotations:
D:4 Ijyb, Sigmund


Innate Abilities, Weirdness & Mutations

Your life essence is reduced to manifest your ancestor. (-10% HP)
You are too large for most types of armour.
You have claws for hands.
Your natural rate of healing is unusually fast.
You are covered in fur. (AC +1)
You have tough skin. (AC +1)


Message History

You hit the hobgoblin but do no damage.
The hobgoblin hits you but does no damage.
The hobgoblin hits you.
You closely miss the hobgoblin.
Titus hits the hobgoblin.
The hobgoblin dies!
You see here a hobgoblin corpse.
Are you sure you want to remember your ancestor as a battlemage?
It is so.
An orc priest comes into view. It is wielding a +0 short sword.
The orc priest shouts!
An orc priest comes into view. It is wielding a +0 club.
An orc comes into view. It is wielding a +0 dagger.
An orc comes into view. It is wielding a +0 mace.
The orc shouts!
An orc comes into view. It is wielding a +0 short sword.
The orc priest shouts!
The orc priest invokes the aid of Beogh against you.
Beogh smites you!
The orc priest invokes the aid of Beogh against you.
Beogh smites you!
The orc priest invokes the aid of Beogh against you.
Beogh smites you!
* * * LOW HITPOINT WARNING * * *
There is a broken altar of Ashenzari here.
Found a scroll labelled LYAVAXKIKOA.
Ijyb the Twisted Goblin comes into view.
She is wielding a +0 club and carrying a wand of flame (20).
Sigmund the Dreaded comes into view.
He is wielding a +0 scythe.
Sigmund shouts!
Ijyb zaps a wand.
The puff of flame hits you! The orc hits you with a +0 dagger.
Ijyb zaps a wand.
The puff of flame hits you.
The orc priest calls down the wrath of Beogh upon you.
Beogh smites you!
* * * LOW HITPOINT WARNING * * *
Titus gestures at Ijyb while chanting.
The stone arrow hits Ijyb.
The orc hits you but does no damage.
Ijyb zaps a wand.
The puff of flame hits you!
* * * LOW HITPOINT WARNING * * *
The orc priest hits you with a +0 short sword.
You die...

##............
####........g.....
..................
.........@........
.........R.........
..................#
..?...............##
#.......o..........##
#######...@.........##
##.o...........##
###.............##
###................####
##......................
##.......................
.........................
........._...............
......._.................


You could see the friendly Titus the battlemage, Sigmund, Ijyb (ally target), an
orc priest and an orc.

Vanquished Creatures
  A centaur skeleton (D:3)
  A hound skeleton (D:4)
  5 adders
  A worm (D:3)
  2 dart slugs
  An orc (D:3)
  4 bats
  3 endoplasms
  4 giant cockroaches
  8 goblins
  4 hobgoblins
  A quokka (D:3)
  7 ball pythons
  2 frilled lizards
  5 kobolds
  3 rats (D:1)
52 creatures vanquished.

Vanquished Creatures (collateral kills)
  A hobgoblin (D:4)
1 creature vanquished.

Grand Total: 53 creatures vanquished

Notes
Turn   | Place    | Note
-------+----------+-------------------------------------------
     0 | D:1      | issech the Troll Monk began the quest for the Orb.
     0 | D:1      | Reached XP level 1. HP: 22/22 MP: 0/0
   260 | D:1      | Reached XP level 2. HP: 29/29 MP: 1/1
   805 | D:2      | Reached XP level 3. HP: 36/36 MP: 2/2
  1327 | D:2      | Reached XP level 4. HP: 38/44 MP: 3/3
  1924 | D:4      | Reached XP level 5. HP: 43/53 MP: 4/4
  1969 | D:4      | Found a burning altar of Makhleb.
  1970 | D:4      | Found a hazy altar of Hepliaklqana.
  1974 | D:4      | Found a blossoming altar of Fedhas.
  1974 | D:4      | Found a basalt altar of Yredelemnul.
  1979 | D:4      | Found a broken altar of Ashenzari.
  1981 | D:4      | Found a stormy altar of Qazlal.
  2009 | D:4      | Became a worshipper of Hepliaklqana the Forgotten
  2009 | D:4      | Reached * piety under Hepliaklqana
  2009 | D:4      | Reached ** piety under Hepliaklqana
  2015 | D:4      | Remembered your ancestor Titus as a battlemage
  2039 | D:4      | Noticed Ijyb
  2040 | D:4      | Noticed Sigmund
  2045 | D:4      | HP: 1/47 [Ijyb/puff of flame (8)]
  2046 | D:4      | Slain by an orc priest

Illustrated notes

Levels and vault maps discovered:
D:1:      mrwooster_arrival_statue, layout_loops_ring
D:2:      layout_basic
D:3:      layout_rooms, serial_curves, eino_curves_01, eino_curves_02
D:4:      layout_layer_cave, grunt_temple_overflow_open,
          minmay_temple_entry_enclosed_plants, uniq_sigmund, uniq_ijyb,
          uniq_menkaure

Skill      XL: |  1  2  3  4 |
---------------+-------------+-----
Maces & Flails | 3 |  3.9
Dodging        | 3 |  3.2
Fighting       | 3 |  3.0
Stealth        | |  1.3

Action                   |  1- 3 |  4- 6 || total
-------------------------+-------+-------++-------
Melee: Mace              |   102 |    62 ||   164
       Punch             |     2 |       ||     2
Invok: Ancestor Life: Ba |       |     1 ||     1
 Stab: Sleeping          |     2 |     2 ||     4
Armor: Robe              |    40 |    28 ||    68
Dodge: Dodged            |    63 |    44 ||   107

Table legend: (Time is in decaauts)
 A = Elapsed time spent in this place.
 B = Non-inter-level travel time spent in this place.
 C = Inter-level travel time spent in this place.
 D = Time resting spent in this place.
 E = Time spent auto-exploring this place.
 F = Levels seen in this place.
 G = Mean time per level.
                   A        B        C        D        E       F      G
               +--------+--------+--------+--------+--------+-----+--------+
         Total |   2083 |   1988 |     95 |      0 |   1292 |   4 |  520.8 |
       Dungeon |   2083 |   1988 |     95 |      0 |   1292 |   4 |  520.8 |
               +--------+--------+--------+--------+--------+-----+--------+

Top non-repeatable levels by time:
     D:1: 718 daAuts
     D:2: 716 daAuts
     D:3: 489 daAuts
     D:4: 158 daAuts
